 Dungeon Crawl Stone Soup version 0.21.1-1-g345015f (webtiles) character file.

1534 inc the Conjurer (level 8, -1/38 HPs)
             Began as a Felid Ice Elementalist on Feb 20, 2018.
             Was a Priest of Sif Muna.
             Slain by a hippogriff (3 damage)
             ... on level 10 of the Dungeon.
             The game lasted 00:34:11 (11639 turns).

inc the Conjurer (Felid Ice Elementalist)          Turns: 11639, Time: 00:34:12

Health: -1/38      AC:  2    Str: 10    XL:     8   Next: 55%
Magic:  13/18      EV: 22    Int: 19    God:    Sif Muna [***...]
Gold:   141        SH:  0    Dex: 17    Spells: 7/19 levels left
                                        Lives:  0   Deaths: 2

rFire    . . .     SeeInvis +     - Unarmed
rCold    . . .     Gourm    .   (shield unavailable)
rNeg     . . .     Faith    .   (armour unavailable)
rPois    +         Spirit   .   (helmet unavailable)
rElec    .         Reflect  .   (cloak unavailable)
rCorr    .         Harm     .   (gloves unavailable)
MR       +....                  (boots unavailable)
Stlth    +++.......             (no amulet)
HPRegen  0.12/turn              c - ring of poison resistance
MPRegen  0.16/turn              q - +6 ring of strength

@: quick
A: very small, no armour, no weapons or thrown items, stealth, claws 1, fangs 3,
see invisible, carnivore, speed 1, shaggy fur 2, slow metabolism 1, sharp paws
a: Divine Energy, Channel Magic, Renounce Religion


You were on level 10 of the Dungeon.
You worshipped Sif Muna.
Sif Muna was most pleased with you.
You were not hungry.

You visited 2 branches of the dungeon, and saw 11 of its levels.

You collected 561 gold pieces.
You spent 420 gold pieces at shops.

Inventory:

Jewellery
 c - a ring of poison resistance (left paw)
 q - a +6 ring of strength (right paw)
 w - an uncursed amulet of the gourmand {unknown}
Wands
 h - a wand of acid (7)
 u - a wand of random effects (24)
Scrolls
 e - 5 scrolls of remove curse
 f - a scroll of fog {unknown}
 g - 10 scrolls of identify {unknown}
 i - 2 scrolls of blinking {unknown}
 j - 6 scrolls of enchant armour {unknown}
 k - 3 scrolls of magic mapping {unknown}
 l - 3 scrolls of teleportation
 n - a scroll of immolation {unknown}
 p - 2 scrolls of fear {unknown}
 t - a scroll of random uselessness {unknown}
Potions
 d - a potion of haste {unknown}
 m - a potion of lignification {unknown}
 o - a potion of curing {unknown}
 r - a potion of flight {unknown}
 s - a potion of berserk rage {unknown}
 v - a potion of heal wounds {unknown}
 x - a potion of degeneration {unknown}
 z - a potion of agility {unknown}
 A - a potion of cancellation {unknown}
Books
 a - a book of Frost

   Spells                             Type                      Level
   a - Freeze                         Ice                          1
   b - Throw Frost                    Conjuration/Ice              2
   c - Ozocubu's Armour               Charms/Ice                   3
   d - Throw Icicle                   Conjuration/Ice              4
   e - Summon Ice Beast               Ice/Summoning                4
 y - a book of Conjurations

   Spells                             Type                      Level
   a - Magic Dart                     Conjuration                  1
   b - Searing Ray                    Conjuration                  2
   c - Dazzling Spray                 Conjuration/Hexes            3
   d - Fulminant Prism                Conjuration/Hexes            4
   e - Force Lance                    Conjuration/Translocation    4
   f - Iskenderun's Mystic Blast      Conjuration                  4
Comestibles
 b - 7 rations


   Skills:
 + Level 6.1 Fighting
 - Level 6.7 Dodging
 - Level 2.6 Stealth
 - Level 1.2 Unarmed Combat
 - Level 6.1 Spellcasting
 - Level 6.9 Conjurations
 + Level 1.8 Charms
 - Level 6.9 Ice Magic


You had 7 spell levels left.
You knew the following spells:

 Your Spells              Type           Power        Failure   Level  Hunger
a - Freeze                Ice            ####         1%          1    None
b - Ozocubu's Armour      Chrm/Ice       ###.....     5%          3    ##.....
c - Throw Icicle          Conj/Ice       ####....     6%          4    ####...
d - Iskenderun's Mystic   Conj           ####....     6%          4    ####...


Dungeon Overview and Level Annotations

Branches:
Dungeon (10/15)            Temple (1/1) D:4
   Lair: D:8-11         Orc: D:9-12

Altars:
Ashenzari
Cheibriados
Dithmenos
Elyvilon
Gozag
Hepliaklqana
Kikubaaqudgha
Makhleb
Sif Muna
Trog
Uskayaw
Vehumet
Wu Jian
Xom
Yredelemnul
Zin
The Shining One

Shops:
D:4 (**   D:8 :

Annotations:
D:6 Sigmund
D:8 Gastronok


Innate Abilities, Weirdness & Mutations

You cannot wear armour.
You are incapable of wielding weapons or throwing items.
Your paws allow you to move quietly. (Stealth)
You have sharp claws.
You have razor-sharp teeth.
You have supernaturally acute eyesight. (SInv)
You are carnivorous and can eat meat at any time.
You cover ground quickly.
You are covered in thick fur. (AC +2)
You have a slow metabolism.
Your sharp claws are effective at attacking unaware monsters.


Message History

Confirm with . or Enter, or press ? or * to list all spells.
Aiming: Freeze
Press: ? - help, Shift-Dir - straight line, f/p - hippogriff
Aim: a hippogriff (moderately wounded)
You freeze the hippogriff.
The hippogriff is heavily wounded.
The hippogriff bites you! The hippogriff pecks you!
* * * LOW HITPOINT WARNING * * *
The hippogriff closely misses you.
Casting: Freeze
Confirm with . or Enter, or press ? or * to list all spells.
Aiming: Freeze
Press: ? - help, Shift-Dir - straight line, f/p - hippogriff
Aim: a hippogriff (heavily wounded)
You freeze the hippogriff.
The hippogriff is heavily wounded.
The hippogriff bites you!
* * * LOW HITPOINT WARNING * * *
The hippogriff closely misses you. The hippogriff claws you.
You die...

.........#
.........+ ...
.........# ...
#.......# #.#
##.....## #.#
##...## ##.##
##'## ... #.# #H#
####.## #@#
#.....##########.#
#.#...#[.........#
#.......##########
#.......#
...#..### #.###.#
#.....# #######


You could see a hippogriff.

Vanquished Creatures
  A centaur zombie (D:8)
  Eustachio (D:6)
  A water moccasin (D:5)
  3 orc warriors
  2 ice beasts
  2 phantoms
  A centaur (D:8)
  3 ogres
  15 big kobolds
  5 bullfrogs (D:8)
  A scorpion (D:7)
  4 killer bees
  A water moccasin skeleton (D:9)
  A jelly (D:6)
  A crimson imp (D:9)
  A hound (D:9)
  3 bullfrog skeletons
  A centaur skeleton (D:6)
  An iguana (D:9)
  5 orc wizards
  4 worker ants
  2 howler monkey zombies
  6 gnolls (D:8)
  A howler monkey skeleton (D:6)
  8 adders
  3 oozes
  2 adder zombies
  An adder skeleton (D:4)
  A worm (D:3)
  2 dart slugs (D:2)
  A leopard gecko (D:4)
  23 orcs
  6 giant cockroaches
  9 goblins
  10 hobgoblins
  11 jackals
  A quokka (D:6)
  2 ball pythons
  9 bats
  3 frilled lizards
  A giant cockroach zombie (D:6)
  19 kobolds
  A leopard gecko skeleton (D:4)
  A quokka skeleton (D:5)
  A rat (D:1)
181 creatures vanquished.

Vanquished Creatures (others)
  A kobold demonologist (D:8)
1 creature vanquished.

Grand Total: 182 creatures vanquished

Notes
Turn   | Place    | Note
-------+----------+-------------------------------------------
     0 | D:1      | inc the Felid Ice Elementalist began the quest for the Orb.
     0 | D:1      | Reached XP level 1. HP: 7/7 MP: 4/4
    85 | D:1      | Reached XP level 2. HP: 5/11 MP: 1/6
   671 | D:1      | Reached XP level 3. HP: 14/14 MP: 4/7
  1444 | D:2      | Learned a level 3 spell: Ozocubu's Armour
  2002 | D:2      | Reached XP level 4. HP: 15/18 MP: 5/8
  2402 | D:3      | Reached skill level 5 in Ice Magic
  2671 | D:3      | Reached XP level 5. HP: 18/21 MP: 2/9
  3435 | D:4      | Found a snail-covered altar of Cheibriados.
  3436 | D:4      | Noticed an ogre
  3439 | D:4      | Found Woam Wapire's Assorted Antiques.
  3460 | D:4      | Killed an ogre
  3460 | D:4      | Reached skill level 5 in Dodging
  3460 | D:4      | Gained mutation: You are covered in thick fur. (AC +2) [Felid growth]
  3460 | D:4      | Reached XP level 6. HP: 24/24 MP: 1/10
  3545 | D:4      | Found Nuicrashra's General Store.
  3893 | D:4      | Found a staircase to the Ecumenical Temple.
  3927 | D:5      | Entered Level 5 of the Dungeon
  3927 | D:5      | Found a bloodstained altar of Trog.
  3927 | D:5      | Found a basalt altar of Yredelemnul.
  3946 | Temple   | Entered the Ecumenical Temple
  4083 | Temple   | Became a worshipper of Sif Muna the Loreminder
  4262 | D:4      | Found Ukust's Weapon Emporium.
  5028 | D:6      | Noticed Sigmund
  5190 | D:7      | Learned a level 4 spell: Throw Icicle
  5429 | D:8      | Found Nowoikhli's Book Emporium.
  5772 | D:8      | Reached skill level 1 in Conjurations
  5772 | D:8      | Reached XP level 7. HP: 27/27 MP: 11/13
  5968 | D:6      | Noticed Eustachio
  5982 | D:6      | Killed Eustachio
  6597 | D:6      | Found a shadowy altar of Dithmenos.
  6881 | D:5      | Reached * piety under Sif Muna
  7146 | D:5      | Reached XP level 8. HP: 7/31 MP: 9/16
  7486 | D:8      | Reached skill level 5 in Spellcasting
  7491 | D:8      | Reached ** piety under Sif Muna
  7868 | D:8      | Reached skill level 5 in Conjurations
  7935 | D:8      | Reached skill level 1 in Fighting
  7940 | D:8      | Noticed a kobold demonologist
  7944 | D:8      | Noticed a hellwing
  7954 | D:8      | Reached skill level 1 in Unarmed Combat
  7955 | D:8      | Noticed a rust devil
  7968 | D:8      | Noticed a soul eater
  8281 | D:9      | Reached XP level 9. HP: 38/38 MP: 5/19
  8612 | D:8      | Noticed an ice devil
  8623 | D:8      | Noticed a smoke demon
  8624 | D:8      | Noticed an ice devil
  8629 | D:8      | Incinerated by a smoke demon
  8629 | D:8      | Killed a kobold demonologist
  8630 | D:8      | Reached XP level 8. HP: 1/36 MP: 1/18
  8753 | D:8      | Bought a book of Conjurations for 420 gold pieces
  8772 | D:8      | Learned a level 4 spell: Iskenderun's Mystic Blast
  8848 | D:9      | Noticed Gastronok
  9049 | D:8      | Reached *** piety under Sif Muna
  9102 | D:8      | Reached skill level 5 in Fighting
  9220 | D:8      | Reached XP level 9. HP: 31/40 MP: 15/19
  9890 | D:8      | Found a radiant altar of Vehumet.
  9900 | D:8      | Found a hazy altar of Hepliaklqana.
  9904 | D:8      | Found an ornate altar of the Wu Jian Council.
 10834 | D:9      | Reached skill level 1 in Charms
 11198 | D:9      | Slain by a hornet
 11199 | D:9      | Reached XP level 8. HP: -4/38 MP: 4/18
 11215 | D:10     | Entered Level 10 of the Dungeon
 11584 | D:9      | You fall through a shaft!
 11633 | D:10     | Noticed a hippogriff
 11639 | D:10     | Slain by a hippogriff

Skill      XL: |  1  2  3  4  5  6  7  8  9 |
---------------+----------------------------+-----
Ice Magic      | 3 4 5 6 |  6.9
Dodging        | 3 5 6 |  6.7
Spellcasting   | 3 4 6 |  6.1
Conjurations   | 1 3 6 |  6.9
Fighting       | 5 6 |  6.1
Unarmed Combat | 1 |  1.2
Charms         | 1 |  1.8
Stealth        | |  2.6

Action                   |  1- 3 |  4- 6 |  7- 9 || total
-------------------------+-------+-------+-------++-------
Melee: Unarmed           |    20 |   169 |   213 ||   402
       Bite              |       |    21 |    33 ||    54
 Cast: Freeze            |    62 |    84 |   192 ||   338
       Ozocubu's Armour  |       |     8 |    16 ||    24
       Throw Icicle      |       |       |     6 ||     6
       Iskenderun's Myst |       |       |    44 ||    44
  Use: Scroll            |     2 |       |     1 ||     3
 Stab: Sleeping          |    11 |    12 |     6 ||    29
  Eat: Chunk             |     4 |     4 |    19 ||    27
       Ration            |       |     2 |     3 ||     5
Armor: Skin              |     3 |    26 |    36 ||    65
Dodge: Dodged            |    71 |   172 |   430 ||   673
